Map: Snowbound Colony

Players

Cthulhu

  • Race: Zerg Zerg
  • Spawn Location: 1:00

Faust

  • Race: Zerg Zerg
  • League: Diamond
  • Spawn Location: 1:00

Throwfordays

  • Race: Terran Terran
  • League: Silver
  • Spawn Location: 12:00

KKKKKLLL

  • Race: Protoss Protoss
  • Spawn Location: 7:00

Rollin

  • Race: Zerg Zerg
  • Spawn Location: 7:00

Supreme

  • Race: Terran Terran
  • Spawn Location: 6:00

VOD

Have the link to the VOD?

Description

Time

  • Played on: Feb. 13, 2019, 10:18 p.m.
  • Length: 10:05
Show
View Real Time Build Order
Export as new Build Order

Cthulhu Zerg 

Build Orders: Pool First 

Get SALT Encoding   

  12  0:01  Drone  
  13  0:12  Drone  
  14  0:18  Extractor  
  14  0:19  Drone  
  15  0:35  Spawning Pool  
  14  0:38  Overlord  
  14  0:48  Extractor, Drone  
  15  0:58  Drone  
  15  0:59  Drone  
  17  1:12  Extractor  
  16  1:22  Zergling x2  
  16  1:23  Zergling x4  
  19  1:44  Drone  
  20  1:48  Hatchery  
  20  1:50  Drone  
  20  2:07  Drone x2  
  21  2:35  Hatchery  
  18  2:38  Drone  
  18  2:39  Drone x2  
  21  2:48  Lair  
  21  2:51  Metabolic Boost  
  21  2:54  Overlord  
  21  2:59  Extractor  
  21  3:02  Drone x2, Evolution Chamber  
  21  3:10  Queen  
  21  3:12  Drone  
  24  3:15  Drone  
  25  3:22  Drone  
  25  3:23  Drone  
  27  3:33  Drone  
  27  3:34  Drone  
  29  3:41  Zerg Melee Weapons Level 1  
  29  3:51  Zergling x6  
  32  3:56  Zergling x4  
  32  4:01  Infestation Pit  
  33  4:05  Queen  
  33  4:08  Drone x2  
  37  4:12  Drone  
  38  4:19  Drone  
  38  4:20  Drone x2  
  41  4:29  Drone  
  41  4:30  Overlord  
  41  4:51  Drone, Overlord  
  41  4:52  Overlord x2  
  42  4:53  Drone x3  
  45  5:00  Hive  
  45  5:04  Queen  
  45  5:07  Drone  
  48  5:09  Drone  
  48  5:11  Drone  
  48  5:12  Drone  
  49  5:41  Zergling x2  
  49  5:42  Zergling x22  
  61  5:49  Zerg Melee Weapons Level 2  
  61  6:00  Drone x4  
  61  6:01  Drone  
  66  6:11  Extractor  
  66  6:16  Roach Warren  
  62  6:35  Drone  
  62  6:36  Drone x4, Hydralisk Den  
  66  6:44  Ultralisk Cavern  
  57  7:00  Roach x9  
  73  7:01  Overlord x2  
  73  7:02  Overlord x3  
  69  7:15  Zergling x2  
  69  7:16  Zergling x6  
  73  7:23  Zergling x2  
  73  7:24  Zergling x6  
  77  7:38  Zergling x4  
  76  7:48  Zergling x2  
  76  7:49  Zergling x6  
  76  8:05  Zerg Ground Armor Level 1  
  76  8:14  Spore Crawler  
  76  8:15  Spore Crawler  
  76  8:16  Spore Crawler  
  76  8:19  Spore Crawler x2  
  71  8:20  Spore Crawler  
  71  8:21  Spore Crawler  
  71  8:22  Zergling x2, Spore Crawler  
  71  8:23  Zergling x16, Spore Crawler  
  71  8:26  Queen  
  48  8:59  Zergling x6  
  48  9:00  Zergling x16  
  48  9:02  Queen  
  57  9:13  Hydralisk  
  57  9:14  Hydralisk x3  
  71  9:38  Extractor  
  71  9:44  Zergling x4  
Show
View Real Time Build Order
Export as new Build Order

Faust Zerg 

Build Orders: Hatch First, Swarm Host 

Get SALT Encoding   

  12  0:01  Drone  
  13  0:09  Drone  
  14  0:17  Extractor  
  14  0:18  Drone  
  15  0:23  Overlord  
  15  0:43  Drone x2  
  17  0:55  Hatchery  
  16  0:59  Drone  
  16  1:02  Extractor  
  16  1:03  Drone  
  17  1:20  Spawning Pool  
  17  1:22  Drone  
  17  1:25  Drone  
  17  1:28  Drone  
  19  1:39  Overlord  
  19  2:06  Queen  
  19  2:07  Queen  
  19  2:08  Metabolic Boost  
  23  2:09  Zergling x2  
  23  2:11  Zergling x2  
  23  2:14  Zergling x2  
  26  2:23  Drone x2  
  26  2:25  Drone  
  29  2:36  Zergling x4  
  31  2:55  Zergling x8  
  35  3:01  Baneling Nest  
  35  3:02  Drone  
  33  3:16  Zergling x6  
  36  3:22  Overlord x2  
  36  3:27  Lair  
  36  3:29  Extractor  
  36  3:30  Drone  
  36  3:42  Drone x5  
  36  3:47  Baneling x2  
  41  3:48  Baneling x2  
  41  3:50  Drone  
  41  3:53  Drone  
  41  3:55  Drone  
  44  4:00  Drone  
  40  4:27  Zergling x10  
  44  4:32  Baneling x2  
  44  4:33  Baneling  
  44  4:34  Zergling x2  
  44  4:35  Zergling x4, Drone  
  44  4:36  Drone x3  
  44  4:38  Extractor  
  50  4:40  Extractor  
  49  4:46  Infestation Pit  
  49  4:49  Drone x2  
  45  5:10  Drone x2  
  45  5:11  Drone x3  
  45  5:12  Drone  
  45  5:13  Overlord x3  
  51  5:19  Nydus Network  
  43  5:31  Drone  
  43  5:32  Drone  
  45  5:39  Drone x5  
  50  5:48  Overlord x2  
  50  5:50  Hatchery  
  49  5:57  Evolution Chamber  
  49  5:59  Swarm Host  
  49  6:01  Evolution Chamber  
  50  6:04  Spore Crawler  
  50  6:08  Swarm Host x2  
  55  6:13  Swarm Host  
  58  6:19  Drone  
  58  6:20  Drone  
  60  6:27  Swarm Host x3  
  60  6:31  Zerg Missile Weapons Level 1  
  69  6:36  Zerg Ground Armor Level 1  
  69  6:54  Zergling x10  
  74  7:02  Nydus Canal  
  74  7:07  Zergling x10  
  79  7:10  Zergling x6  
  79  7:15  Baneling x5  
  57  7:48  Drone x10  
  67  7:55  Queen, Overlord  
  67  7:57  Drone x2  
  71  8:03  Overseer  
  71  8:04  Pneumatized Carapace  
  71  8:11  Drone x3  
  74  8:13  Drone  
  74  8:19  Hydralisk Den  
  71  8:52  Zergling x2  
  71  8:53  Zergling x12  
  78  8:58  Zergling x4, Swarm Host  
  54  9:26  Swarm Host x3  
  58  9:44  Drone x3  
  72  9:57  Nydus Canal  
Show
View Real Time Build Order
Export as new Build Order

Throwfordays Terran 

Build Orders:  

Get SALT Encoding   

  12  0:01  SCV  
  13  0:13  SCV  
  14  0:21  Supply Depot  
  14  0:25  SCV  
  15  0:31  Refinery  
  15  0:42  SCV  
  16  0:52  Barracks  
  16  0:54  SCV  
  17  1:06  SCV  
  18  1:12  Refinery  
  18  1:19  SCV  
  19  1:31  SCV  
  20  1:43  Barracks Reactor  
  20  1:51  Supply Depot  
  20  1:56  SCV  
  21  2:08  SCV  
  22  2:17  Supply Depot  
  22  2:19  Reaper x2  
  22  2:20  SCV  
  25  2:51  Reaper  
  25  2:52  Reaper  
  25  2:53  SCV  
  25  2:56  Command Center  
  28  3:05  SCV  
  29  3:24  Reaper x2  
  29  3:25  Engineering Bay  
  29  3:26  SCV  
  32  3:27  Engineering Bay  
  32  3:56  Reaper x2  
  32  4:34  Terran Infantry Weapons Level 1  
  32  4:39  Factory  
  32  4:42  Factory  
  31  5:04  SCV  
  32  5:07  SCV  
  33  5:16  SCV  
  33  5:19  SCV  
  35  5:28  SCV  
  35  5:31  SCV  
  35  5:40  SCV  
  36  5:43  SCV  
  36  5:52  SCV  
  36  5:55  SCV  
  37  6:04  SCV  
  37  6:06  Refinery x2  
  37  6:07  SCV  
  37  6:09  Terran Infantry Armor Level 1  
  39  6:14  Armory, Starport  
  39  6:16  SCV  
  40  6:20  SCV  
  40  6:21  Factory Tech Lab x2  
  41  6:26  Factory  
  41  6:28  SCV  
  41  6:32  SCV  
  43  6:40  SCV, Barracks  
  43  6:44  SCV  
  43  6:45  Marine x2  
  47  6:54  SCV  
  47  6:57  SCV  
  49  7:03  Marine x2  
  49  7:06  SCV  
  52  7:09  SCV  
  53  7:20  Marine  
  53  7:21  Marine  
  52  7:27  Barracks  
  52  7:30  Factory Reactor  
  52  7:35  Drilling Claws  
  52  7:38  Marine x2  
  52  7:39  Smart Servos  
  54  7:49  Planetary Fortress  
  54  8:02  SCV  
  54  8:04  Supply Depot  
  54  8:05  Supply Depot  
  44  8:15  SCV  
  44  8:16  Marine x3  
  44  8:17  Marine  
  41  8:26  Starport Reactor  
  37  8:34  Marine x4  
  35  8:42  Orbital Command  
  35  8:46  SCV  
  36  8:52  Marine x4  
  40  8:58  SCV  
  41  9:09  Marine  
  33  9:10  Marine, SCV  
  36  9:22  SCV  
  35  9:24  Barracks Tech Lab x2  
  35  9:29  Widow Mine x4  
  43  9:34  SCV  
Show
View Real Time Build Order
Export as new Build Order

KKKKKLLL Protoss 

Build Orders: Colossus Rush 

Get SALT Encoding   

  12  0:01  Probe  
  13  0:13  Probe  
  14  0:21  Pylon  
  14  0:25  Probe  
  15  0:39  Probe  
  15  0:40  Gateway  
  16  0:46  Assimilator  
  16  0:51  Probe  
  17  1:04  Probe  
  18  1:16  Probe  
  19  1:23  Gateway  
  19  1:27  Cybernetics Core  
  19  1:32  Probe  
  20  1:35  Assimilator  
  20  1:45  Probe  
  21  1:55  Stalker  
  21  1:57  Probe  
  22  2:04  Pylon  
  22  2:06  Warp Gate  
  23  2:12  Stalker  
  23  2:22  Probe  
  26  2:29  Stalker  
  28  2:40  Probe  
  29  2:44  Stalker  
  29  2:48  Pylon  
  31  3:06  Probe  
  30  3:23  Nexus  
  30  3:27  Pylon  
  30  3:37  Probe  
  30  3:41  Pylon  
  31  3:49  Probe  
  31  3:55  Stalker x2  
  36  4:00  Robotics Facility  
  36  4:03  Forge  
  36  4:15  Protoss Ground Weapons Level 1  
  36  4:30  Stalker x2  
  40  4:32  Probe  
  41  4:44  Probe  
  42  4:49  Probe  
  43  4:53  Pylon  
  43  4:56  Probe  
  42  5:01  Probe  
  43  5:08  Twilight Council, Probe  
  43  5:13  Robotics Bay  
  44  5:14  Probe  
  44  5:20  Probe  
  44  5:26  Probe  
  45  5:29  Stalker x2  
  49  5:36  Assimilator  
  49  5:40  Assimilator  
  49  5:42  Probe x2  
  51  5:52  Probe  
  51  5:53  Probe  
  51  5:56  Colossus  
  53  6:00  Probe  
  53  6:01  Pylon, Probe  
  53  6:08  Extended Thermal Lance  
  53  6:09  Probe  
  61  6:14  Probe  
  63  6:22  Zealot x2  
  63  6:25  Protoss Ground Weapons Level 2  
  67  6:27  Probe x2  
  67  6:32  Photon Cannon  
  69  6:43  Stalker x2  
  69  6:55  Observer  
  70  7:12  Forge, Pylon  
  70  7:13  Probe x2  
  72  7:19  Stalker x2  
  76  7:25  Probe  
  73  7:59  Photon Cannon  
  73  8:01  Photon Cannon  
  73  8:12  Colossus  
  73  8:13  Pylon  
  73  8:20  Stalker x2  
  72  9:11  Stalker x2  
  70  9:48  Stalker  
  70  9:49  Stalker  
Show
View Real Time Build Order
Export as new Build Order

Rollin Zerg 

Build Orders: Hatch First 

Get SALT Encoding   

  12  0:01  Drone  
  13  0:12  Overlord  
  13  0:18  Drone  
  14  0:31  Drone x2  
  16  0:41  Drone  
  17  0:54  Hatchery  
  17  1:04  Drone  
  17  1:13  Spawning Pool  
  17  1:15  Drone  
  17  1:18  Extractor  
  16  1:28  Drone x2  
  18  1:52  Overlord  
  18  2:05  Zergling x2  
  18  2:06  Queen x2  
  18  2:07  Zergling x4  
  25  2:33  Drone x5  
  30  2:55  Metabolic Boost  
  30  2:56  Zergling x2  
  30  2:57  Zergling x2  
  31  2:58  Queen  
  31  3:00  Drone  
  31  3:01  Overlord  
  33  3:23  Drone x2  
  33  3:24  Zergling x6  
  38  3:28  Spine Crawler  
  37  3:40  Drone x2  
  39  3:41  Overlord  
  39  3:43  Overlord  
  39  3:53  Drone x2  
  39  3:54  Drone, Overlord  
  42  3:58  Evolution Chamber  
  33  4:28  Zergling x12  
  39  4:36  Lair  
  39  4:38  Extractor  
  39  4:40  Spore Crawler  
  39  4:41  Drone  
  39  4:42  Drone x3  
  41  4:50  Drone x4  
  45  4:55  Pneumatized Carapace  
  45  5:08  Drone x2  
  45  5:13  Drone  
  48  5:15  Extractor  
  48  5:16  Spore Crawler  
  48  5:18  Extractor, Drone x2  
  47  5:33  Zerg Melee Weapons Level 1  
  47  5:34  Drone  
  47  5:35  Drone x5  
  53  5:44  Drone x3  
  53  5:45  Drone  
  57  5:56  Spire  
  56  6:01  Drone x3  
  56  6:02  Drone  
  60  6:40  Overlord x3  
  60  6:41  Hatchery  
  60  6:45  Drone x2  
  60  6:46  Drone  
  62  6:52  Zergling x4  
  62  6:53  Zergling x2  
  65  7:10  Mutalisk  
  65  7:11  Mutalisk x7  
  79  7:28  Zergling x2  
  79  7:29  Zergling x6  
  76  7:43  Zergling x4  
  75  7:54  Queen, Drone x3  
  79  8:04  Zerg Flyer Weapons Level 1  
  74  8:15  Zergling x6  
  74  8:16  Zergling x4  
  74  8:17  Mutalisk x4  
  85  8:24  Overlord  
  85  8:25  Overlord x2  
  83  8:53  Zergling x2, Drone x2  
  83  8:54  Zergling x14  
  88  9:20  Infestation Pit  
  87  9:26  Extractor  
  87  9:27  Extractor  
Show
View Real Time Build Order
Export as new Build Order

Supreme Terran 

Build Orders:  

Get SALT Encoding   

  12  0:01  SCV  
  13  0:13  SCV  
  14  0:18  Supply Depot  
  14  0:25  SCV  
  15  0:40  SCV  
  15  0:41  Barracks  
  16  0:52  SCV  
  16  0:55  Barracks  
  17  1:04  SCV  
  18  1:17  SCV  
  19  1:28  Marine  
  19  1:29  Orbital Command  
  20  1:46  Command Center  
  20  1:48  Marine  
  20  1:50  Marine  
  22  1:59  Supply Depot  
  22  2:04  Refinery  
  22  2:06  Marine  
  23  2:21  Marine  
  24  2:24  Marine  
  23  2:38  Marine  
  23  2:39  SCV  
  23  2:42  Marine  
  26  2:51  SCV  
  26  2:53  Refinery  
  26  2:57  Marine, Engineering Bay  
  28  3:00  Marine  
  28  3:04  SCV, Orbital Command, Bunker  
  30  3:15  Marine  
  30  3:16  SCV  
  30  3:17  Marine  
  33  3:28  SCV  
  34  3:38  SCV  
  34  3:40  SCV  
  36  3:47  Terran Infantry Weapons Level 1  
  36  3:49  Factory  
  36  3:50  SCV  
  36  3:52  SCV  
  36  3:54  Barracks Reactor  
  38  4:02  SCV  
  39  4:04  SCV  
  40  4:11  Barracks Tech Lab  
  40  4:14  SCV  
  40  4:16  SCV  
  38  4:30  Marine  
  39  4:32  Marine  
  39  4:33  Marine  
  39  4:34  Widow Mine  
  39  4:36  SCV  
  44  4:42  Supply Depot  
  44  4:44  SCV  
  45  4:46  Starport  
  45  4:48  SCV  
  45  4:49  Barracks  
  46  4:53  Stimpack  
  46  4:57  Supply Depot  
  46  4:59  Supply Depot  
  46  5:03  Marine x3, SCV  
  46  5:05  Factory Tech Lab  
  50  5:07  SCV  
  51  5:15  SCV  
  51  5:19  SCV  
  51  5:35  Marine x2, SCV  
  52  5:36  Marine, Siege Tank  
  52  5:38  Medivac  
  52  5:41  SCV  
  59  5:44  Barracks Reactor  
  58  5:53  SCV  
  59  6:01  SCV  
  60  6:05  Refinery, SCV  
  60  6:07  Marine x3, Refinery  
  64  6:13  SCV  
  65  6:20  Starport Reactor  
  65  6:24  Marine x3  
  65  6:25  Marine  
  69  6:27  SCV  
  70  6:47  Supply Depot  
  70  6:48  Terran Infantry Armor Level 1, Supply Depot  
  70  6:49  Marine, Supply Depot, SCV  
  70  6:50  Marine x4  
  70  6:54  SCV  
  77  7:01  SCV, Command Center  
  78  7:09  Marine, SCV  
  80  7:19  Marine x3  
  82  7:31  Marine x2  
  82  7:36  Marine  
  69  7:37  Marine  
  68  7:56  Marine, SCV  
  68  7:57  Marine x2  
  72  8:01  Marine  
  72  8:02  Marauder  
  75  8:14  Marine x2  
  75  8:15  Marine  
  75  8:19  Marine, Medivac x2, Siege Tank  
  86  8:23  SCV x2  
  88  8:39  Marine x2  
  88  8:40  Marine  
  84  8:49  Medivac x2  
  87  9:07  Marine  
  87  9:08  Marine x3  
  87  9:19  Medivac x2  
  88  9:27  Marine  
  88  9:28  Marine x2  
  90  9:32  Marine x2  
Tags
 
Add a new tag
Caveats
  • Supply blocks, unpowered buildings, or Contaminate may cause inaccurate times.
  • Supply counts are checked every 10 seconds.